 Dungeon Crawl Stone Soup version 0.19-a0-981-gaae9137 (webtiles) character file.

93 mistymad the Poker (level 4, -3/37 HPs)
             Began as a Merfolk Monk on July 15, 2016.
             Slain by a gnoll
             ... wielding a +0 whip
              (4 damage)
             ... on level 3 of the Dungeon.
             The game lasted 00:04:30 (1935 turns).

mistymad the Poker (Merfolk Monk)                   Turns: 1935, Time: 00:04:31

Health: -3/37      AC:  6    Str: 11    XL:     4   Next: 61%
Magic:  13/13      EV: 13    Int:  9    God:
Gold:   134        SH:  0    Dex: 17    Spells: 0 memorised, 3 levels left

rFire  . . .     SeeInvis .     a - +0 spear
rCold  . . .     Gourm    .     i - +0 ring mail
rNeg   . . .     Faith    .     (no shield)
rPois  .         Spirit   .     l - +0 helmet
rElec  .         Dismiss  .     (no cloak)
rCorr  .         Reflect  .     (no gloves)
SustAt +         Harm     .     (no boots)
MR     .....                    f - amulet of rage
Stlth  ++........               k - ring of magical power
                                j - ring of sustain attributes

@: not resistant to hostile enchantments, unstealthy
A: change form in water, swift swim
a: Evoke Berserk Rage


You were on level 3 of the Dungeon.
You were not hungry.

You visited 1 branch of the dungeon, and saw 3 of its levels.

You collected 134 gold pieces.

Inventory:

Hand Weapons
 a - a +0 spear (weapon)
Armour
 i - a +0 ring mail (worn)
 l - a +0 helmet (worn)
 o - a +0 large shield
Jewellery
 f - an amulet of rage (around neck)
 j - a ring of sustain attributes (left hand)
 k - a ring of magical power (right hand)
Scrolls
 n - 2 scrolls of enchant armour {unknown}
Potions
 b - a potion of curing
 d - 2 potions of heal wounds
 e - a potion of might {unknown}
 g - 3 potions of flight {unknown}
 h - a potion of mutation {unknown}
Comestibles
 c - 3 bread rations
 m - a chunk of flesh


   Skills:
 + Level 4.1 Fighting
 + Level 5.5 Polearms
 + Level 0.4 Armour
 + Level 5.1 Dodging
 - Level 2.1 Stealth


You had 3 spell levels left.
You didn't know any spells.

Dungeon Overview and Level Annotations

Branches:
Dungeon (3/15)

Altars:
Nemelex Xobeh
Qazlal
Ru
Zin

Shops:
D:2 *

Annotations:
D:3 Sigmund


Message History

The gnoll is heavily wounded.
The gnoll hits you with a whip.
* * * LOW HITPOINT WARNING * * *
You take 5 damage, and have 7/37 hp.
You are too injured to fight recklessly!
You are too injured to fight recklessly!
You are too injured to fight recklessly!
You are too injured to fight recklessly!
You hit the gnoll but do no damage.
The gnoll is heavily wounded.
The gnoll closely misses you.
You barely miss the gnoll.
The gnoll is heavily wounded.
The gnoll hits you with a whip!
* * * LOW HITPOINT WARNING * * *
You take 7 damage, and have 1/37 hp.
You closely miss the gnoll.
The gnoll is heavily wounded.
The gnoll hits you with a whip.
You die...

#...# #...###
......# .....
.... #..
#....... #g#
##....... #@#
. ....... #.#
# #....#.. #.#
##....##.##
#.# #.....#
..# #.#
##.....###.##
#.#
............#
#.#
###.........##
#.#
#....##......#
#.#


You could see a gnoll.

Vanquished Creatures
  An adder (D:3)
  2 gnolls (D:3)
  2 worms (D:2)
  A dart slug (D:1)
  2 giant geckos
  3 orcs (D:3)
  2 bats
  4 giant cockroaches
  4 goblins (D:1)
  8 hobgoblins
  8 kobolds
  2 quokkas
  5 giant newts
  3 rats
47 creatures vanquished.

Notes
Turn   | Place    | Note
-------+----------+-------------------------------------------
     0 | D:1      | mistymad the Merfolk Monk began the quest for the Orb.
     0 | D:1      | Reached XP level 1. HP: 18/18 MP: 1/1
    60 | D:1      | Reached XP level 2. HP: 16/24 MP: 2/2
   549 | D:1      | Reached skill level 5 in Polearms
   562 | D:1      | Reached XP level 3. HP: 19/29 MP: 3/3
   905 | D:2      | Found Zin's Purification Station.
   911 | D:2      | Found a glowing silver altar of Zin.
  1225 | D:2      | Found a sacrificial altar of Ru.
  1426 | D:2      | Found a stormy altar of Qazlal.
  1678 | D:3      | Reached XP level 4. HP: 37/37 MP: 4/4
  1693 | D:3      | Found a sparkling altar of Nemelex Xobeh.
  1727 | D:3      | Reached skill level 5 in Dodging
  1740 | D:3      | Noticed Sigmund
  1934 | D:3      | HP: 1/37 [gnoll/whip (7)]
  1935 | D:3      | Slain by a gnoll

Vault maps used:
D:1:      roderic_chinese_lattice_arrival, minivault_4
D:2:      lemuel_coloured_pillars_altar, zin_purify, lemuel_crystal_altar
D:3:      nicolae_overflow_crystal_walls, gup_sewer_entry_spiral, first_bread,
          uniq_sigmund

Skill      XL: |  1  2  3  4 |
---------------+-------------+-----
Polearms       | 5 |  5.5
Fighting       | 4 |  4.1
Dodging        | 5 |  5.1
Armour         | |  0.4
Stealth        | |  2.1

Action                   |  1- 3 |  4- 6 || total
-------------------------+-------+-------++-------
Melee: Spear             |   160 |    51 ||   211
  Use: Scroll            |     3 |       ||     3
 Stab: Sleeping          |     6 |       ||     6
       Distracted        |     1 |       ||     1
  Eat: Chunk             |     1 |     2 ||     3
Armor: Robe              |     7 |       ||     7
       Ring mail         |    11 |     6 ||    17
Dodge: Dodged            |    54 |    24 ||    78
